 Dungeon Crawl Stone Soup version 0.25-a0-583-g696c2ac64d (webtiles) character file.

Game seed: 9078677079285582888, levelgen mode: deterministic

1108 Flugslaktarn the Chopper (level 8, -4/73 HPs)
             Began as a Deep Dwarf Fighter on Mar 9, 2020.
             Was an Initiate of Makhleb.
             Splashed by Maggie's acid (9 damage)
             ... on level 6 of the Dungeon.
             The game lasted 00:01:17 (1644 turns).

Flugslaktarn the Chopper (Deep Dwarf Fighter)       Turns: 1644, Time: 00:01:17

Health: -4/73      AC:  8    Str: 22    XL:     8   Next: 11%
Magic:  4/5        EV:  6    Int:  9    God:    Makhleb [......]
Gold:   82         SH: 10    Dex: 12    Spells: 7/7 levels left

rFire    . . .     SeeInvis +   a - +0 war axe
rCold    . . .     Gourm    .   c - +0 kite shield
rNeg     . . .     Faith    .   j - +0 chain mail
rPois    .         Spirit   .   (no helmet)
rElec    .         Reflect  .   o - +0 cloak
rCorr    .         Harm     .   p - +0 pair of gloves
MR       +....                  (no boots)
Stlth    ..........             (no amulet)
HPRegen  0.00/turn              i - ring of see invisible
MPRegen  0.09/turn              (no ring)

@: corroded, non-regenerating
A: damage resistance, heal wounds, sense surroundings 1, no regeneration
a: Heal Wounds, Renounce Religion


You were on level 6 of the Dungeon.
You worshipped Makhleb.
Makhleb was noncommittal.
You were not hungry.

You visited 1 branch of the dungeon, and saw 6 of its levels.

You collected 82 gold pieces.

Inventory:

Hand Weapons
 a - a +0 war axe (weapon)
Armour
 c - a +0 kite shield (worn)
 j - a +0 chain mail (worn)
   (You took it off an orc priest on level 3 of the Dungeon)
 o - a +0 cloak (worn)
   (You found it on level 4 of the Dungeon)
 p - a +0 pair of gloves (worn)
   (You found it on level 5 of the Dungeon)
Jewellery
 i - a ring of see invisible (left hand)
   (You found it on level 4 of the Dungeon)
Scrolls
 b - a scroll of immolation {unknown}
 f - a scroll of enchant weapon {unknown}
 h - 4 scrolls of teleportation {unknown}
 k - 6 scrolls of identify {unknown}
 n - a scroll of remove curse {unknown}
Potions
 d - 2 potions of might
 g - a potion of heal wounds {unknown}
 l - a potion of brilliance {unknown}
 m - a potion of degeneration {unknown}
Comestibles
 e - 4 rations


   Skills:
 + Level 4.6 Fighting
 * Level 6.9 Axes
 + Level 5.6 Armour
 + Level 5.6 Shields
 + Level 1.5 Invocations


You had 7 spell levels left.
You didn't know any spells.
Your spell library was empty.

Dungeon Overview and Level Annotations

Branches:
Dungeon (6/15)             Temple (0/1) D:6

Altars:
Elyvilon
Fedhas
Makhleb
Trog
Wu Jian

Annotations:
D:6 Maggie


Innate Abilities, Weirdness & Mutations

You are resistant to damage.
You can heal yourself by infusing magical energy.
You passively map a small area around you.
You do not regenerate.


Message History

You hit Maggie.
Maggie zaps a wand.
The bolt of acid hits you! The acid corrodes you!
You are splashed with acid!
You closely miss Maggie.
Maggie is moderately wounded.
You break out of your daze.
Maggie hits you with a +1 vorpal morningstar!
* * * LOW HITPOINT WARNING * * *
You are too injured to fight recklessly!
You are too injured to fight recklessly!
You are too injured to fight recklessly!
You are too injured to fight recklessly!
You are too injured to fight recklessly!
You are too injured to fight recklessly!
You are too injured to fight recklessly!
You are too injured to fight recklessly!
You are too injured to fight recklessly!
You fail to use your ability.
Maggie zaps a wand.
The bolt of acid hits you!
* * * LOW HITPOINT WARNING * * *
The acid corrodes you!
You are splashed with acid!
You die...

############P#..
#.....#........>,,
#...........P#, .
#............##.#
#.............P.P
#.><..#..........
#########..##### ,
##.....#.....# ,
*#....†@.......#
#.....@†........
#...............
#.........%.....
#...............
#.......>.......,*
##....?........ ,
##?....#.$...# **


You could see Maggie.

Vanquished Creatures
  A sky beast (D:5)
  2 black bears (D:6)
  A phantom (D:4)
  3 centaurs
  A scorpion (D:5)
  A crimson imp (D:5)
  3 hounds
  3 orc priests
  An orc wizard (D:4)
  A centaur skeleton (D:5)
  An iguana (D:5)
  3 worker ants (D:5)
  A killer bee zombie (D:6)
  A worker ant zombie (D:6)
  2 adders
  An adder zombie (D:5)
  An adder skeleton (D:5)
  4 worms
  A leopard gecko (D:4)
  7 orcs
  2 giant cockroaches
  A goblin (D:1)
  A hobgoblin (D:3)
  2 jackals (D:5)
  2 bats (D:3)
  A frilled lizard (D:5)
  2 jackal skeletons (D:6)
  A leopard gecko zombie (D:5)
51 creatures vanquished.

Notes
Turn   | Place    | Note
-------+----------+-------------------------------------------
     0 | D:1      | Flugslaktarn the Deep Dwarf Fighter began the quest for the
                  | Orb.
     0 | D:1      | Reached XP level 1. HP: 20/20 MP: 1/1
   193 | D:3      | Reached XP level 2. HP: 27/27 MP: 2/2
   220 | D:3      | Reached skill level 3 in Axes
   220 | D:3      | Reached XP level 3. HP: 26/34 MP: 3/3
   225 | D:3      | Reached XP level 4. HP: 42/42 MP: 4/4
   302 | D:4      | Noticed a centaur
   318 | D:4      | Killed a centaur
   318 | D:4      | Reached skill level 4 in Axes
   318 | D:4      | Reached XP level 5. HP: 47/49 MP: 5/5
   396 | D:4      | Reached XP level 6. HP: 31/56 MP: 6/6
   524 | D:4      | Reached skill level 5 in Axes
   873 | D:5      | Entered Level 5 of the Dungeon
   887 | D:5      | Noticed a sky beast
   898 | D:5      | Killed a sky beast
   935 | D:5      | Reached XP level 7. HP: 41/64 MP: 6/6
   962 | D:5      | Reached skill level 5 in Armour
   965 | D:5      | Reached skill level 5 in Shields
  1162 | D:5      | Reached skill level 6 in Axes
  1167 | D:5      | Found a blossoming altar of Fedhas.
  1298 | D:5      | Found an ornate altar of the Wu Jian Council.
  1503 | D:5      | Found a bloodstained altar of Trog.
  1505 | D:5      | Found a white marble altar of Elyvilon.
  1508 | D:5      | Found a burning altar of Makhleb.
  1521 | D:5      | Became a worshipper of Makhleb the Destroyer
  1623 | D:6      | Noticed Maggie
  1639 | D:6      | Reached skill level 1 in Invocations
  1639 | D:6      | Reached XP level 8. HP: 32/73 MP: 5/5
  1644 | D:6      | Splashed by Maggie's acid

Levels and vault maps discovered:
D:1:      psy_arrival_spokes, layout_basic, minivault_25
D:2:      layout_rooms, old_standard_altar, overflow_temple_1_default
D:3:      layout_loops_cross, cheibrodos_sewer_entry_bend, first_ration
D:4:      layout_cave_pools, serial_column_ruins, column_ruins_hut,
          column_ruins_columns_corner, column_ruins_columns_straight,
          column_ruins_open_tiny, column_ruins_open_medium, column_ruins_grid_4,
          column_ruins_corridor_straight, column_ruins_open_tiny
D:5:      layout_gridville, grunt_temple_overflow_diamond,
          nicolae_overflow_crystal_walls, fedhas_bush_and_centaur_altar
D:6:      layout_rooms, kennysheep_mini_moat,
          minmay_temple_entry_gardened_gates, serial_shops,
          nicolae_shop_temple_entry_statues_fountains, uniq_maggie

Skill      XL: |  1  2  3  4  5  6  7 |
---------------+----------------------+-----
Fighting       | 3 4 |  4.6
Axes           | 3 4 5 6 |  6.9
Armour         | 4 5 |  5.6
Shields        | 4 5 |  5.6
Invocations    | 1 |  1.5

Action                   |  1- 3 |  4- 6 |  7- 9 || total
-------------------------+-------+-------+-------++-------
Melee: War axe           |    39 |   105 |    94 ||   238
 Abil: Heal Wounds       |     4 |     2 |     4 ||    10
  Eat: Ration            |       |       |     1 ||     1
       Chunk             |       |       |     1 ||     1
Armor: Scale mail        |    15 |     2 |       ||    17
       Chain mail        |       |    66 |    93 ||   159
Dodge: Dodged            |    11 |    22 |    35 ||    68
Block: Kite shield       |    22 |    74 |    82 ||   178

Table legend:
 A = Non-vault XP
 B = Vault XP
 C = Vault XP percentage of total XP
 D = Non-vault monster count
 E = Vault monster count
 F = Vault count percentage of total count
                 A         B        C        D         E       F
            +---------+---------+-------+---------+---------+-------
      Total |    1465 |     118 |   7.5 |      49 |       2 |   3.9
            +---------+---------+-------+---------+---------+-------
        D:1 |       2 |       0 |   0.0 |       1 |       0 |   0.0
        D:2 |       7 |       0 |   0.0 |       2 |       0 |   0.0
        D:3 |      98 |       0 |   0.0 |       8 |       0 |   0.0
        D:4 |     407 |       3 |   0.7 |      14 |       1 |   6.7
        D:5 |     599 |     115 |  16.1 |      16 |       1 |   5.9
        D:6 |     352 |       0 |   0.0 |       8 |       0 |   0.0
            +---------+---------+-------+---------+---------+-------
